 Dungeon Crawl Stone Soup version 0.31-a0-675-g238779eb0a (webtiles) character file.

Game seed: 2409116228873433033

16226 gelatine the Arsonist (level 12, -12/91 HPs)
             Began as a Demonspawn Fire Elementalist on Sept 5, 2023.
             Was an Elder of Vehumet.
             Mangled by a death yak (43 damage)
             ... on level 2 of the Lair of Beasts.
             The game lasted 00:38:30 (14583 turns).

gelatine the Arsonist (DsFE)                       Turns: 14583, Time: 00:38:31

Health: -12/91     AC: 13    Str: 11    XL:     12   Next: 8%
Magic:  5/24       EV: 13    Int: 22    God:    Vehumet [****..]
Gold:   774        SH: 15    Dex: 14    Spells: 9/28 levels left

rFire   . . .        r - +3 short sword (chaos)
rCold   . . .        f - +0 buckler
rNeg    . . .        T - +1 robe of the Marlin {Harm Will+ Regen+ Str+3}
rPois   .            H - +0 helmet
rElec   .            q - +0 cloak
rCorr   .            (gloves unavailable)
SInv    +            Q - +1 pair of boots
Will    +....        e - amulet of reflection
Stlth   +++          p - ring of wizardry
HPRegen 1.15/turn    w - ring of see invisible
MPRegen 0.19/turn

%: harm (+30% outgoing, +20% incoming), reflection, wizardry (x1)
@: no status effects
A: claws 3, slimy green scales 1, icemail 1, condensation shield, demonic magic
1
a: Renounce Religion


You were on level 2 of the Lair of Beasts.
You worshipped Vehumet.
Vehumet was greatly pleased with you.
You visited 3 branches of the dungeon, and saw 12 of its levels.
You also visited: Ossuary.

You collected 839 gold pieces.
You spent 65 gold pieces at shops.

Inventory:

Hand Weapons
 r - a +3 short sword of chaos (weapon)
 u - a +2 dagger
 F - a +1 dagger of venom
 N - a +0 rapier of protection
Missiles
 j - 4 throwing nets
Armour
 a - a +0 robe
 f - a +0 buckler (worn)
 q - a +0 cloak (worn)
 H - a +0 helmet (worn)
 Q - a +1 pair of boots (worn)
 T - the +1 robe of the Marlin (worn) {Harm Will+ Regen+ Str+3}
   (You found it on level 1 of the Lair of Beasts)

   Str+3:     It affects your strength (+3).
   Will+:     It increases your willpower.
   Regen+:    It increases your rate of health regeneration.
   Harm:      It increases damage dealt and taken.
Jewellery
 e - an amulet of reflection (around neck)
 p - a ring of wizardry (left claw)
 s - a ring of protection from fire
 v - a +6 ring of strength
 w - a ring of see invisible (right claw)
 D - a ring of fire
 L - an amulet of the acrobat
 O - a ring of poison resistance
 S - the ring of Emmea {Str+3 Int+6}
   (You found it on level 1 of the Lair of Beasts)

   [ring of intelligence]

   Str+3:     It affects your strength (+3).
   Int+6:     It affects your intelligence (+6).
Wands
 m - a wand of iceblast (11)
 y - a wand of quicksilver (9)
 z - a wand of flame (17)
 G - a wand of mindburst (7)
 R - a wand of charming (3)
 U - a wand of polymorph (2)
Scrolls
 c - 5 scrolls of teleportation
 h - a scroll of torment
 i - a scroll of vulnerability {unknown}
 k - a scroll of noise
 x - 2 scrolls of identify
 C - 2 scrolls of fog
 E - a scroll of poison
 I - a scroll of summoning
 J - 2 scrolls of brand weapon
 K - 2 scrolls of immolation
 V - a scroll of blinking
Potions
 b - 3 potions of magic
 d - 2 potions of haste
 g - 3 potions of heal wounds
 l - 2 potions of ambrosia
 n - a potion of enlightenment
 o - a potion of lignification
 t - 3 potions of attraction {unknown}
 A - 8 potions of curing
 B - 2 potions of invisibility {unknown}
 M - 2 potions of brilliance {unknown}
 P - a potion of mutation


   Skills:
 * Level 7.6 Fighting
 + Level 2.7 Short Blades
 + Level 0.1 Axes
 + Level 4.6 Dodging
 + Level 5.4 Stealth
 * Level 6.6 Shields
 + Level 8.5 Spellcasting
 + Level 6.1 Conjurations
 + Level 1.4 Translocations
 * Level 8.8 Fire Magic
 * Level 4.2 Evocations


You had 9 spell levels left.
You knew the following spells:

 Your Spells              Type           Power      Damage    Failure   Level
a - Foxfire               Conj/Fire      100%       2x1d9     1%          1
b - Scorch                Fire           96%        2d9       1%          2
c - Volatile Blastmotes   Fire/Tloc      64%        2d15      1%          3
d - Flame Wave            Conj/Fire      42%        2d11      1%          4
e - Inner Flame           Hex/Fire       28%        N/A       1%          3
f - Starburst             Conj/Fire      21%        6d7       8%          6

Your spell library contained the following spells:

 Spells                   Type           Power      Damage    Failure   Level
 Sticky Flame             Conj/Fire      42%        2d6       1%          4
 Freeze                   Ice            36%        1d5       1%          1
 Hailstorm                Conj/Ice       23%        3d7       1%          3
 Stone Arrow              Conj/Erth      46%        3d9       1%          3
 Apportation              Tloc           30%        N/A       2%          1
 Frozen Ramparts          Ice            18%        1d3       3%          3
 Gell's Gravitas          Tloc           15%        N/A       6%          3
 Teleport Other           Tloc           15%        N/A       6%          3
 Plasma Beam              Fire/Air       14%        2x1d25    24%         6
 Animate Armour           Summ/Erth      18%        N/A       34%         4
 Alistair's Intoxication  Tmut/Pois      6%         N/A       67%         5
 Dispersal                Tloc           7%         N/A       95%         6
 Lehudib's Crystal Spear  Conj/Erth      11%        10d4      100%        8


Dungeon Overview and Level Annotations

Branches:
Dungeon (9/15)             Temple (1/1) D:6            Lair (2/5) D:9
  Snake (0/4) Lair:2      Ossuary (visited)
  Swamp: Lair:2-3    Shoals: Lair:2-3       Orc: D:9-12

Altars:
Ashenzari
Cheibriados
Dithmenos
Fedhas
Gozag
Hepliaklqana
Kikubaaqudgha
Makhleb
Nemelex Xobeh
Qazlal
Ru
Sif Muna
Trog
Uskayaw
Vehumet
Wu Jian
Xom
Yredelemnul

Shops:
D:3 !(:

Annotations:
Lair:1 3 runed translucent doors, Woashoo's ghost, journeyman DrFE


Innate Abilities, Weirdness & Mutations

You have claws for hands.
You are partially covered in slimy green scales. (AC +2)
A meltable icy envelope protects you from harm. (AC +4)
A meltable shield of frost defends you. (SH +4)
Spells you cast may paralyse adjacent enemies.


Message History

The bolt of fire hits the death yak!!
The death yak is severely wounded.
Malevolent energies surge around you.
The death yak suddenly stops moving!
The death yak bellows!
The death yak gores you!
The helpless death yak fails to defend itself.
You puncture the death yak! You drain the death yak.
You kill the death yak!
Vehumet accepts your kill. The death yak misses you.
Casting: Starburst (dangerous; 8% risk of failure)
Confirm with . or Enter, or press ? or * to list all spells.
You don't have enough magic to cast this spell.
You hit the death yak but do no damage.
The death yak is poisoned.
The death yak is moderately wounded.
The death yak closely misses you.
You hit the death yak but do no damage.
The death yak goes berserk!
The death yak is moderately wounded.
The death yak gores you but does no damage.
The death yak gores something!
You hit the death yak but do no damage.
Lightning courses through the death yak!
The death yak is heavily wounded.
A nearby plant withers and dies.
The death yak gores you!! You block the death yak's attack.
You barely miss the death yak.
The death yak is heavily wounded.
You block the death yak's attack.
The death yak snorts and paws the ground.
You hit the death yak but do no damage.
The death yak is heavily wounded.
The death yak misses you.
You hit the death yak.
The death yak looks as sick as possible!
The death yak is heavily wounded.
The death yak gores you!! x2
* * * LOW HITPOINT WARNING * * *
Your magical contamination has completely faded away.
You feel much better. The death yak gores you!!!
You die...

# ##........#
.. #......###
##.......#
......#.##
.........#
.##.P...######
#.#........##
#...##.#P#...#
# ##..
######@.# # #.
#Y## # #. #Y#
## #Y# .#


#YY ## #.. # #.## # #.# ### ## ..# You could see 5 death yaks.

Vanquished Creatures
  A two-headed ogre (D:6)
  A boulder beetle (Lair:1)
  A death yak (Lair:2)
  Joseph (D:9)
  5 black mambas
  2 cane toads (Lair:1)
  2 kobold demonologists
  4 komodo dragons
  A hornet (D:9)
  10 blink frogs (Lair:1)
  11 yaks
  A shadow (D:6)
  4 wyverns
  2 basilisks (Lair:1)
  14 water moccasins
  4 orc warriors
  Duvessa (D:7)
  A black bear (Lair:1)
  A centaur (D:6)
  A phantom (D:5)
  A kobold brigand (D:6)
  4 bullfrogs
  5 scorpions
  A gnoll sergeant (D:6)
  A water moccasin zombie (D:5)
  19 wights
  Dowan (D:7)
  A wyvern skeleton (D:5)
  10 killer bees (D:9)
  A bullfrog zombie (D:5)
  2 jellies (D:6)
  A centaur skeleton (D:5)
  A centaur zombie (D:5)
  2 orc priests
  4 hounds (D:6)
  A sleepcap (D:6)
  2 gnoll boudas
  Terence (D:3)
  Jessica (D:2)
  6 iguanas
  A scorpion zombie (D:5)
  Natasha (thrice) (D:4)
  2 orc wizards
  2 hound zombies (D:5)
  3 hound skeletons (D:5)
  8 mummies (Ossuary)
  16 gnolls
  5 adders
  3 worms
  A dart slug (D:1)
  29 orcs
  7 endoplasms
  A giant cockroach (D:4)
  7 goblins
  6 hobgoblins
  4 jackals (D:1)
  14 kobolds
  8 ball pythons
  7 bats
  6 frilled lizards
  2 gnoll zombies (Ossuary)
  A hobgoblin zombie (Ossuary)
  A kobold zombie (Ossuary)
  4 orc zombies (Ossuary)
  9 rats
283 creatures vanquished.

Vanquished Creatures (collateral kills)
  A bullfrog (D:9)
  20 foxfires
21 creatures vanquished.

Vanquished Creatures (others)
  A kobold brigand (D:7)
  1249 foxfires
1250 creatures vanquished.

Grand Total: 1554 creatures vanquished

Notes
Turn   | Place    | Note
-------+----------+-------------------------------------------
     0 | D:1      | gelatine the Demonspawn Fire Elementalist began the quest
                  | for the Orb.
     0 | D:1      | Reached XP level 1. HP: 13/13 MP: 3/3
     9 | D:1      | Noticed a centaur
   309 | D:1      | Gained mutation: You are partially covered in slimy green
                  | scales. (AC +2) [demonic ancestry]
   309 | D:1      | Reached XP level 2. HP: 19/19 MP: 0/5
   888 | D:1      | Learned a level 2 spell: Scorch
  1062 | D:2      | Gained mutation: A meltable shield of frost defends you.
                  | (SH +4) [demonic ancestry]
  1062 | D:2      | Reached XP level 3. HP: 24/24 MP: 0/6
  1190 | D:2      | Learned a level 3 spell: Volatile Blastmotes
  1206 | D:2      | Noticed Jessica
  1210 | D:2      | Killed Jessica
  1261 | D:2      | Reached XP level 4. HP: 31/31 MP: 0/8
  2105 | D:3      | Found Tulucor's Distillery.
  2123 | D:3      | Bought a potion of heal wounds for 65 gold pieces
  2167 | D:3      | Noticed Terence
  2188 | D:3      | Killed Terence
  2189 | D:3      | Reached skill level 1 in Fighting
  2340 | D:3      | Found Hankioj's Antique Weapon Boutique.
  2460 | D:3      | Found a large runed translucent door.
  2461 | D:3      | Found a large runed translucent door.
  2514 | D:3      | Found Zaatwoox's Book Boutique.
  2736 | D:3      | Reached XP level 5. HP: 37/37 MP: 5/9
  2893 | D:3      | Found a shimmering altar of Xom.
  3016 | D:3      | Reached skill level 1 in Shields
  3095 | D:3      | Learned a level 4 spell: Flame Wave
  3254 | D:4      | Noticed Natasha
  3260 | D:4      | Killed Natasha
  3316 | D:4      | Found a blossoming altar of Fedhas.
  3318 | D:4      | Found a hide-covered altar of Uskayaw.
  3323 | D:4      | Found a shadowy altar of Dithmenos.
  3324 | D:4      | Found a snail-covered altar of Cheibriados.
  3327 | D:4      | Found a shimmering altar of Xom.
  3434 | D:4      | Reached XP level 6. HP: 44/44 MP: 4/11
  4031 | D:4      | Noticed Natasha
  4330 | D:4      | Killed Natasha
  4354 | D:4      | Noticed Natasha
  4358 | D:4      | Killed Natasha
  4404 | D:5      | Entered Level 5 of the Dungeon
  4716 | D:5      | Found a broken altar of Ashenzari.
  4782 | D:5      | Gained mutation: A meltable icy envelope protects you from
                  | harm. (AC +4) [demonic ancestry]
  4782 | D:5      | Reached XP level 7. HP: 49/50 MP: 6/13
  4805 | D:5      | Reached skill level 1 in Short Blades
  5885 | D:6      | Found a staircase to the Ecumenical Temple.
  5892 | Temple   | Entered the Ecumenical Temple
  6006 | Temple   | Became a worshipper of Vehumet
  6150 | D:6      | Gained mutation: You have sharp fingernails. [demonic
                  | ancestry]
  6150 | D:6      | Reached XP level 8. HP: 53/57 MP: 6/14
  6277 | D:6      | Noticed a kobold demonologist
  6283 | D:6      | Found a sand-covered staircase.
  6292 | Ossuary  | Entered an ossuary
  6612 | Ossuary  | Reached * piety under Vehumet
  6612 | Ossuary  | Offered knowledge of Magic Dart by Vehumet.
  6613 | Ossuary  | Reached skill level 5 in Fire Magic
  6861 | D:6      | Reached skill level 5 in Spellcasting
  7081 | D:6      | Killed a kobold demonologist
  7681 | D:6      | Found a sacrificial altar of Ru.
  7705 | D:6      | Gained mutation: Spells you cast may paralyse adjacent
                  | enemies. [demonic ancestry]
  7705 | D:6      | Reached XP level 9. HP: 65/65 MP: 8/17
  7822 | D:6      | Found a bloodstained altar of Trog.
  8375 | D:6      | Noticed a two-headed ogre
  8387 | D:6      | Killed a two-headed ogre
  8388 | D:6      | Reached skill level 5 in Fighting
  8933 | D:7      | Noticed Dowan
  8941 | D:7      | Killed Dowan
  9176 | D:7      | Reached skill level 1 in Translocations
  9372 | D:7      | Reached ** piety under Vehumet
  9402 | D:7      | Offered knowledge of Searing Ray by Vehumet.
  9426 | D:7      | Noticed Duvessa
  9432 | D:7      | Killed Duvessa
  9481 | D:6      | Gained mutation: You have very sharp fingernails. [demonic
                  | ancestry]
  9481 | D:6      | Reached XP level 10. HP: 46/68 MP: 2/20
 10225 | D:8      | Reached skill level 5 in Conjurations
 10749 | D:8      | Reached skill level 1 in Evocations
 11004 | D:9      | Offered knowledge of Momentum Strike by Vehumet.
 11005 | D:9      | Noticed Joseph
 11013 | D:9      | Killed Joseph
 11014 | D:9      | Reached skill level 5 in Shields
 11398 | D:9      | Noticed a sixfirhy
 11400 | D:9      | Noticed an orange demon
 11404 | D:9      | Noticed a smoke demon
 11411 | D:9      | Noticed a soul eater
 11421 | D:9      | Found a staircase to the Lair.
 11734 | D:9      | Reached *** piety under Vehumet
 12193 | D:9      | Paralysed by a hornet for 3 turns
 12285 | D:9      | Found a hazy altar of Hepliaklqana.
 12655 | D:9      | Learned a level 3 spell: Inner Flame
 12662 | D:9      | Learned a level 6 spell: Starburst
 12666 | Lair:1   | Entered Level 1 of the Lair of Beasts
 12678 | Lair:1   | Reached XP level 11. HP: 83/83 MP: 11/22
 12730 | Lair:1   | Offered knowledge of Sticky Flame by Vehumet.
 13016 | Lair:1   | Found a runed translucent gate.
 13017 | Lair:1   | Found a runed translucent gate.
 13018 | Lair:1   | Found a runed translucent gate.
 13018 | Lair:1   | Noticed Woashoo's ghost (journeyman DrFE)
 13041 | Lair:1   | Noticed a boulder beetle
 13052 | Lair:1   | Killed a boulder beetle
 13231 | Lair:1   | Identified the ring of Emmea {Str+3 Int+6}
 13252 | Lair:1   | Identified the +1 robe of the Marlin {Harm Will+ Regen+
                  | Str+3}
 14109 | Lair:2   | Reached **** piety under Vehumet
 14261 | Lair:2   | Reached skill level 5 in Stealth
 14345 | Lair:2   | Found a staircase to the Snake Pit.
 14432 | Lair:2   | Gained mutation: You have claws for hands. [demonic
                  | ancestry]
 14432 | Lair:2   | Reached XP level 12. HP: 91/91 MP: 21/24
 14562 | Lair:2   | Noticed a death yak
 14562 | Lair:2   | Noticed a death yak
 14563 | Lair:2   | Noticed a death yak
 14571 | Lair:2   | Noticed a death yak
 14572 | Lair:2   | Noticed a death yak
 14574 | Lair:2   | Noticed a death yak
 14576 | Lair:2   | Killed a death yak
 14582 | Lair:2   | HP: 4/91 [death yak (36)]
 14583 | Lair:2   | Mangled by a death yak

Illustrated notes

Levels and vault maps discovered:
D:1:      evilmike_arrival_come_back, layout_basic, st_stairs_3
D:2:      layout_basic, uniq_jessica
D:3:      due_chaos_kobolds, layout_basic, serial_shops,
          nicolae_shop_industrial_runoff, shop, nicolae_shop_stone,
          grunt_decor_arrowhead, glass_columns_a, uniq_terence
D:4:      layout_basic, minitemple, hangedman_decor_riveting,
          kennysheep_minor_cross, minmay_surrounded, uniq_natasha
D:5:      layout_loops_corners, kennysheep_mini_moat, tso_metal_star,
          serial_undead, serial_undead_c, serial_undead_a, serial_undead_b,
          serial_undead_d
D:6:      minmay_chambers_of_sixes, layout_cave_pods, general_overflow_altar,
          mainiacjoe_overflow_surrounded_room, minmay_temple_entry_tees,
          nicolae_ossuary_entry_ruins
D:7:      layout_basic, uniq_duvessa
D:8:      layout_gridville
D:9:      layout_basic, lemuel_doored_altar, david_lair_shrubbed,
          kennysheep_flooded_box, uniq_joseph
Temple:   grunt_temple_mini_profane
Lair:1:   layout_gridlike, gammafunk_ghost_split
Lair:2:   layout_loops_ring, minmay_snake_entry_six_corridors,
          lemuel_fruit_fields

Skill      XL: |  1  2  3  4  5  6  7  8  9 10 11 |
---------------+----------------------------------+-----
Fire Magic     | 3 4 5 6 7 8 |  8.8
Dodging        | 2 3 4 |  4.6
Fighting       | 1 2 4 5 6 7 |  7.6
Conjurations   | 2 3 4 5 6 |  6.1
Spellcasting   | 3 4 5 6 7 8 |  8.5
Stealth        | 2 3 4 5 |  5.4
Shields        | 1 2 3 4 5 6 |  6.6
Short Blades   | 1 2 |  2.7
Translocations | 1 |  1.4
Evocations     | 2 4 |  4.2
Axes           | |  0.1

Action                     |  1- 3 |  4- 6 |  7- 9 | 10-12 || total
---------------------------+-------+-------+-------+-------++-------
  Melee: Unarmed           |    10 |       |       |       ||    10
         Dagger            |    21 |    17 |       |       ||    38
         Hand axe          |     2 |       |       |       ||     2
         Punch             |     1 |     1 |       |       ||     2
         Short sword       |       |    31 |   110 |   113 ||   254
   Cast: Foxfire           |    51 |   163 |   255 |   273 ||   742
         Scorch            |     2 |     6 |    33 |    39 ||    80
         Volatile Blastmot |       |     1 |    13 |     1 ||    15
         Flame Wave        |       |     1 |     7 |     6 ||    14
         Starburst         |       |       |       |    10 ||    10
    Use: Scroll            |       |     5 |     8 |     7 ||    20
         Potion            |       |       |     1 |     2 ||     3
   Stab: Distracted        |       |       |     1 |     1 ||     2
         Paralysed         |       |       |     5 |    36 ||    41
 Armour: Robe              |    12 |    23 |   102 |    84 ||   221
  Dodge: Dodged            |    23 |    22 |    77 |    49 ||   171
  Block: Other             |    10 |    21 |    96 |       ||   127
         Reflection        |       |       |    10 |     3 ||    13
         Buckler           |       |       |       |   104 ||   104

Table legend: (Time is in decaauts)
 A = Elapsed time spent in this place.
 B = Non-inter-level travel time spent in this place.
 C = Inter-level travel time spent in this place.
 D = Time resting spent in this place.
 E = Time spent auto-exploring this place.
 F = Levels seen in this place.
 G = Mean time per level.
                   A        B        C        D        E       F      G
               +--------+--------+--------+--------+--------+-----+--------+
         Total |  14571 |  14013 |    558 |      0 |  11624 |  13 | 1120.8 |
       Dungeon |  12075 |  11562 |    513 |      0 |   9727 |   9 | 1341.7 |
        Temple |    141 |     96 |     45 |      0 |      0 |   1 |  141.0 |
          Lair |   1801 |   1801 |      0 |      0 |   1443 |   2 |  900.5 |
       Ossuary |    552 |    552 |      0 |      0 |    454 |   1 |  552.0 |
               +--------+--------+--------+--------+--------+-----+--------+

Top non-repeatable levels by time:
     D:6: 2136 daAuts
     D:9: 1620 daAuts
     D:5: 1545 daAuts
  Lair:1: 1238 daAuts
     D:7: 1218 daAuts
     D:4: 1199 daAuts
     D:8: 1151 daAuts
     D:3: 1098 daAuts
     D:2: 1065 daAuts
     D:1: 1037 daAuts
  Lair:2: 563 daAuts
 Ossuary: 552 daAuts
  Temple: 141 daAuts
